Map: Reclamation LE

Players

Ekelpack

  • Race: Zerg Zerg
  • Spawn Location: 11:00

Nyck

  • Race: Terran Terran
  • Spawn Location: 12:00

Scapula - Winner!

  • Race: Protoss Protoss
  • Spawn Location: 5:00

Piotruś - Winner!

  • Race: Zerg Zerg
  • Spawn Location: 6:00

VOD

Have the link to the VOD?

Description

Time

  • Played on: Jan. 29, 2025, 1:20 p.m.
  • Length: 11:32
Show
View Real Time Build Order
Export as new Build Order

Ekelpack Zerg 

Build Orders: Hatch First 

Get SALT Encoding   

  12  0:00  Drone  
  13  0:08  Drone  
  14  0:17  Overlord  
  15  0:35  Drone  
  15  0:47  Hatchery, Drone  
  15  1:05  Spawning Pool  
  15  1:11  Drone  
  15  1:12  Drone  
  15  1:14  Extractor  
  15  1:16  Drone  
  16  1:23  Drone  
  17  1:35  Drone  
  18  1:44  Drone  
  19  1:54  Queen  
  19  1:59  Queen  
  23  2:02  Drone  
  24  2:10  Overlord  
  24  2:16  Metabolic Boost  
  24  2:22  Drone x2  
  26  2:32  Zergling x6  
  29  2:40  Drone  
  29  2:42  Drone  
  31  2:48  Drone  
  32  2:53  Lair  
  32  2:58  Drone x2  
  34  3:00  Extractor  
  34  3:04  Zergling x6  
  36  3:09  Overlord  
  36  3:37  Zergling x2  
  36  3:38  Zergling x14  
  44  3:49  Extractor  
  44  3:52  Extractor  
  42  4:01  Drone x2  
  44  4:05  Overlord x3  
  44  4:06  Spire  
  43  4:14  Drone  
  37  4:45  Zergling x12  
  38  4:46  Zergling x6  
  42  4:55  Drone  
  42  4:58  Drone  
  40  5:24  Mutalisk  
  40  5:25  Mutalisk x5  
  51  5:42  Mutalisk  
  50  5:46  Overseer x2  
  50  5:47  Zergling x2  
  50  5:48  Zergling x6  
  53  6:07  Mutalisk  
  53  6:08  Zergling x8  
  39  6:33  Mutalisk  
  39  6:36  Drone x2  
  39  6:37  Drone x2  
  41  6:52  Drone x2  
  41  6:53  Drone x2  
  45  7:03  Drone  
  45  7:06  Queen  
  48  7:09  Queen  
  50  7:28  Drone  
  50  7:29  Drone x2  
  53  7:50  Zergling x8  
  51  8:11  Drone  
  50  8:27  Overlord x2  
  50  8:29  Zerg Flyer Weapons Level 1  
  50  8:32  Drone  
  51  8:35  Drone x3  
  54  8:42  Pneumatized Carapace  
  54  8:52  Drone x4  
  58  9:06  Mutalisk  
  58  9:07  Mutalisk x3  
  66  9:15  Drone  
  67  9:17  Drone x2  
  63  9:36  Zergling x2  
  60  9:40  Mutalisk  
  60  9:41  Mutalisk x4  
  53  9:54  Zergling x2  
  53  9:55  Zergling x6  
  55  10:02  Drone  
  56  10:10  Drone  
  48  10:42  Zergling x4  
  48  10:43  Zergling x8  
  48  10:46  Queen  
  54  10:56  Drone  
Show
View Real Time Build Order
Export as new Build Order

Nyck Terran 

Build Orders:  

Get SALT Encoding   

  12  0:00  SCV  
  13  0:14  Supply Depot  
  13  0:22  SCV  
  14  0:34  SCV  
  15  0:37  Barracks  
  15  0:42  Refinery  
  15  0:47  SCV  
  16  1:03  SCV  
  17  1:11  Barracks  
  17  1:19  SCV, Barracks  
  18  1:30  Barracks Tech Lab  
  18  1:37  Orbital Command  
  18  1:51  Marine  
  18  1:54  Combat Shield  
  19  2:05  SCV  
  20  2:10  Refinery  
  20  2:16  Barracks Reactor  
  20  2:17  Marine  
  20  2:20  SCV  
  22  2:25  Supply Depot  
  22  2:27  Marine  
  23  2:35  Barracks Reactor  
  23  2:39  Engineering Bay  
  23  2:46  SCV  
  24  2:52  Marine x2  
  24  2:53  Marine  
  27  2:59  Supply Depot, SCV  
  28  3:14  Terran Infantry Weapons Level 1  
  28  3:19  Stimpack  
  28  3:22  Marine x3  
  28  3:23  Marine x2  
  33  3:27  Supply Depot  
  33  3:40  Factory  
  33  3:46  SCV  
  34  3:48  Marine x2  
  36  3:59  Supply Depot  
  36  4:03  Engineering Bay  
  36  4:12  SCV  
  36  4:14  Marine x2  
  36  4:15  Marine  
  40  4:27  Armory  
  40  4:30  Terran Infantry Armor Level 1  
  41  4:38  SCV  
  41  4:57  Marine x3  
  41  4:59  Command Center  
  44  5:20  SCV  
  45  5:21  Marine x2  
  45  5:22  Marine x3  
  45  5:24  Starport  
  45  5:25  Factory Reactor  
  50  5:31  Terran Infantry Weapons Level 2  
  31  6:02  SCV  
  31  6:09  Missile Turret  
  31  6:14  SCV  
  24  6:19  Marine x2  
  12  7:16  SCV  
  12  7:18  Orbital Command  
  13  7:28  SCV, Barracks Reactor  
  13  7:52  SCV  
  13  7:53  SCV  
  15  8:10  SCV x2  
  17  8:14  Marine x3  
  20  8:25  Terran Infantry Armor Level 2  
  20  8:32  SCV x2  
  22  8:38  Marine  
  22  8:39  Marine x3  
  26  8:44  SCV x2  
  26  8:45  Barracks Reactor  
  28  8:56  SCV x2  
  30  9:08  SCV x2  
  32  9:13  Marine x2  
  34  9:20  SCV x2  
  36  9:42  Marine x4  
  36  9:43  Marine x2  
  42  10:02  Medivac x2  
  42  10:04  Marine x4  
  42  10:05  Marine x2  
  52  10:10  SCV  
  52  10:39  SCV  
  53  10:50  Medivac  
  55  11:07  SCV  
Show
View Real Time Build Order
Export as new Build Order

Scapula Protoss - Winner!

Build Orders: 1 Gate Expand 

Get SALT Encoding   

  12  0:00  Probe  
  13  0:13  Probe  
  14  0:19  Pylon  
  14  0:25  Probe  
  15  0:33  Probe  
  15  0:40  Gateway  
  15  0:41  Probe  
  17  0:50  Assimilator  
  17  0:51  Probe  
  18  1:03  Probe  
  19  1:15  Probe  
  20  1:23  Nexus  
  20  1:34  Cybernetics Core  
  20  1:35  Probe  
  21  1:44  Assimilator  
  21  1:47  Probe  
  21  1:51  Pylon  
  22  2:04  Probe  
  23  2:10  Warp Gate  
  23  2:12  Adept  
  23  2:15  Probe  
  26  2:23  Probe  
  26  2:25  Twilight Council  
  27  2:37  Probe  
  27  2:40  Probe  
  29  2:48  Robotics Facility  
  29  2:49  Probe  
  30  2:52  Probe  
  31  2:58  Resonating Glaives  
  31  2:59  Shield Battery  
  31  3:01  Probe  
  31  3:04  Gateway, Probe  
  33  3:11  Gateway  
  33  3:24  Probe x2  
  35  3:27  Adept  
  37  3:35  Pylon  
  37  3:36  Assimilator, Probe  
  38  3:46  Observer  
  39  3:51  Gateway x2  
  39  3:54  Probe x2  
  41  4:04  Dark Shrine  
  41  4:06  Probe  
  41  4:09  Warp Prism  
  44  4:13  Probe  
  44  4:14  Probe  
  45  4:21  Probe  
  45  4:22  Probe  
  48  4:35  Adept x3  
  54  4:44  Assimilator  
  50  4:46  Pylon  
  50  4:49  Shield Battery, Gateway  
  50  4:58  Adept x2  
  54  5:06  Pylon  
  54  5:08  Pylon  
  54  5:09  Pylon  
  44  5:28  Dark Templar x2  
  44  5:29  Dark Templar x3  
  50  5:52  Dark Templar  
  52  6:01  Dark Templar x3  
  50  6:18  Dark Templar x2  
  52  6:26  Dark Templar  
  52  6:29  Blink  
  54  6:37  Forge  
  50  6:42  Pylon  
  44  7:01  Stalker x5  
  44  7:02  Stalker  
  56  7:13  Photon Cannon  
  56  7:17  Shield Battery  
  56  7:21  Probe x2  
  58  7:25  Photon Cannon  
  58  7:29  Photon Cannon  
  58  7:31  Stalker x6  
  58  7:33  Probe x2  
  72  8:01  Protoss Ground Weapons Level 1  
  72  8:10  Stalker x2  
  72  8:11  Stalker x4  
  82  8:19  Gateway x2  
  82  8:22  Gateway  
  82  8:26  Warp Prism  
  84  8:31  Nexus  
  84  8:33  Pylon  
  84  8:34  Pylon  
  84  8:38  Pylon  
  84  8:46  Stalker x4  
  84  8:47  Stalker  
  82  9:40  Stalker x7  
  82  9:41  Stalker  
  87  10:03  Stalker  
  87  10:04  Stalker x8  
  105  10:11  Probe  
  105  10:12  Probe x2  
  105  10:14  Assimilator  
  108  10:24  Probe  
  87  10:38  Stalker x4  
  87  10:39  Stalker  
  93  10:54  Stalker x4  
  87  11:19  Stalker x6  
  87  11:20  Stalker x3  
Show
View Real Time Build Order
Export as new Build Order

Piotruś Zerg - Winner!

Build Orders: Hatch First 

Get SALT Encoding   

  12  0:01  Drone  
  13  0:08  Drone  
  14  0:18  Overlord  
  14  0:37  Drone x3  
  17  1:00  Extractor  
  17  1:01  Drone x2  
  18  1:13  Hatchery  
  18  1:17  Spawning Pool  
  16  1:18  Drone  
  16  1:24  Drone  
  18  1:35  Drone  
  19  1:43  Drone  
  20  2:04  Queen  
  20  2:06  Overlord  
  20  2:07  Overlord  
  22  2:41  Drone x2  
  22  2:42  Drone x3  
  27  2:56  Metabolic Boost  
  27  3:06  Queen  
  27  3:10  Zergling x4  
  27  3:11  Zergling x2  
  28  3:47  Zergling x12  
  28  3:48  Zergling x2  
  35  4:00  Overlord  
  35  4:07  Extractor  
  34  4:20  Drone  
  34  4:21  Overlord  
  34  4:22  Overlord x3  
  31  4:28  Zergling x10  
  31  4:39  Zergling x4  
  33  4:54  Queen  
  33  4:58  Zergling x4  
  33  4:59  Zergling x6  
  40  5:04  Evolution Chamber  
  39  5:26  Zergling x8  
  39  5:27  Zergling x4  
  45  5:35  Spine Crawler  
  42  5:43  Zerg Melee Weapons Level 1  
  42  5:44  Zergling x4  
  44  6:00  Drone x4  
  30  6:50  Zergling x12  
  30  6:51  Zergling x2  
  37  6:57  Extractor  
  37  6:59  Extractor  
  35  7:07  Spore Crawler  
  34  7:16  Drone  
  34  7:17  Drone x6  
  41  7:33  Lair  
  41  7:36  Drone x3  
  41  7:37  Drone x4  
  48  7:52  Spore Crawler  
  47  7:59  Spore Crawler  
  46  8:20  Spore Crawler  
  46  8:25  Drone x5  
  46  8:26  Drone  
  51  8:36  Overlord x2  
  51  8:37  Overlord  
  51  8:52  Hydralisk Den  
  51  8:53  Zerg Missile Weapons Level 1  
  50  9:03  Zergling x8  
  50  9:04  Zergling x8  
  50  9:05  Zergling x4  
  60  9:23  Muscular Augments  
  43  10:03  Hydralisk  
  43  10:04  Hydralisk x5  
  43  10:05  Hydralisk x5  
  43  10:06  Hydralisk x3  
  71  10:16  Hydralisk  
  71  10:17  Hydralisk x3  
  79  10:43  Hydralisk x2  
  79  10:45  Overlord x4  
Tags
 
Add a new tag
Caveats
  • Supply blocks, unpowered buildings, or Contaminate may cause inaccurate times.
  • Supply counts are checked every 10 seconds.